 Dungeon Crawl Stone Soup version 0.22.0-38-g04b72b8 (webtiles) character file.

85172 troglodite the Basher (level 15, -7/124 HPs)
             Began as a Demonspawn Berserker on Aug 27, 2018.
             Was a High Priest of Trog.
             Mangled by a snapping turtle (13 damage)
             ... on level 1 of the Shoals.
             The game lasted 01:27:47 (24953 turns).

troglodite the Basher (Demonspawn Berserker)       Turns: 24953, Time: 01:27:48

Health: -7/124     AC: 33    Str: 24    XL:     15   Next: 37%
Magic:  0/15       EV: 10    Int: 16    God:    Trog [*****.]
Gold:   257        SH:  3    Dex: 18    Spells: 14/14 levels left

rFire    + . .     SeeInvis .   K - +11 great mace "Weus" {crush, rF+ Str+3 Int+7}
rCold    + + .     Gourm    .   (shield currently unavailable)
rNeg     + . .     Faith    .   S - +0 crystal plate armour {rC+}
rPois    .         Spirit   +   (no helmet)
rElec    .         Reflect  +   g - +2 cloak
rCorr    .         Harm     .   M - +2 pair of gloves {Str+3}
MR       +....                  (boots unavailable)
Stlth    ..........             A - amulet "Tepp" {Reflect Slay+2 SH+3}
HPRegen  0.30/turn              x - +3 ring of slaying
MPRegen  0.28/turn              D - ring of positive energy

@: no status effects
A: hooves 3, icy blue scales 3, foul stench 1, magic shield, magic regeneration,
rot immunity
a: Berserk, Trog's Hand, Brothers in Arms, Renounce Religion


You were on level 1 of the Shoals.
You worshipped Trog.
Trog was extremely pleased with you.
You were very hungry.

You visited 4 branches of the dungeon, and saw 22 of its levels.
You visited the Abyss 1 time.
You visited 1 bazaar.
You also visited: Labyrinth, Sewer, Ice Cave and Volcano.

You collected 2687 gold pieces.
You spent 2430 gold pieces at shops.

Inventory:

Hand Weapons
 b - the +6 spear of Imbalance {pierce, rElec rC- rN+}
   (You found it on level 7 of the Dungeon)

   It inflicts extra damage upon your enemies.
   It makes you vulnerable to cold.
   It insulates you from electricity.
   It protects you from negative energy.
 i - a +4 scimitar of flaming
 G - a +6 scimitar
 I - the +7 falchion of Fate {protect, rElec rF++ rC+ Int-4}
   (You bought it in a shop in a bazaar)

   It protects the one who uses it against injury (+AC on strike).
   It affects your intelligence (-4).
   It greatly protects you from fire.
   It protects you from cold.
   It insulates you from electricity.
 K - the +11 great mace "Weus" (weapon) {crush, rF+ Str+3 Int+7}
   (Trog gifted it to you on level 8 of the Dungeon)

   It inflicts extra damage upon your enemies.
   It affects your strength (+3).
   It affects your intelligence (+7).
   It protects you from fire.
 O - the +6 trident of Punishment {pain, *Noise rPois Str+6 Dex+3}
   (You found it in a labyrinth)

   In the hands of one skilled in necromantic magic, it inflicts extra damage on
   living creatures.
   It affects your strength (+6).
   It affects your dexterity (+3).
   It protects you from poison.
   It may make noises in combat.
Armour
 g - a +2 cloak (worn)
 F - a +0 shield
 M - a +2 pair of gloves of strength (worn)
 S - a +0 crystal plate armour of cold resistance (worn)
Jewellery
 m - an uncursed ring of stealth
 x - a +3 ring of slaying (left hand)
 A - the amulet "Tepp" (around neck) {Reflect Slay+2 SH+3}
   (You found it in a labyrinth)

   [amulet of reflection]

   It shields you and reflects attacks.
   It affects your accuracy and damage with ranged weapons and melee attacks
   (+2).
   It affects your SH (+3).
 C - an uncursed amulet of magic regeneration
 D - a ring of positive energy (right hand)
 H - a +3 ring of dexterity
 J - an uncursed ring of see invisible
 R - an uncursed ring of poison resistance
Wands
 a - a wand of acid (9)
 q - a wand of random effects (27)
 L - a wand of paralysis (8)
Scrolls
 h - 6 scrolls of remove curse
 j - 4 scrolls of blinking
 t - 13 scrolls of teleportation
 v - 5 scrolls of immolation
 w - a scroll of fog
 y - a scroll of fear
 T - a scroll of identify
 U - a scroll of magic mapping
Potions
 d - 3 potions of invisibility
 e - 5 potions of might
 f - 3 potions of haste
 k - 4 potions of resistance
 n - a potion of magic
 o - 2 potions of mutation
 p - 3 potions of lignification
 r - 4 potions of flight
 s - 8 potions of curing
 u - 2 potions of cancellation
 z - 5 potions of agility
 B - 5 potions of heal wounds
 E - 2 potions of berserk rage
 Q - a potion of ambrosia
Comestibles
 c - 48 rations
 l - 5 chunks of flesh


   Skills:
 * Level 13.2 Fighting
 + Level 3.5 Long Blades
 + Level 14.0 Maces & Flails
 + Level 3.6 Polearms
 * Level 12.4 Armour
 * Level 10.3 Dodging
 - Level 0.2 Stealth
 + Level 5.6 Shields


You had 14 spell levels left.
You didn't know any spells.
Your spell library was empty.

Dungeon Overview and Level Annotations

Branches:
Dungeon (13/15)            Temple (0/1) D:5            Lair (6/6) D:11
 Shoals (1/4) Lair:4        Snake (0/4) Lair:2        Slime (0/5) Lair:5
    Orc (2/2) D:12            Elf (0/3) Orc:2
 Vaults: D:13-14

Altars:
Ashenzari
Cheibriados
Elyvilon
Gozag
Hepliaklqana
Kikubaaqudgha
Makhleb
Nemelex Xobeh
Trog
Uskayaw
Vehumet
Yredelemnul
The Shining One
Beogh
Jiyva

Shops:
D:11 !   Orc:2 %[(*[


Innate Abilities, Weirdness & Mutations

You have hooves in place of feet.
You are completely covered in icy blue scales. (AC +4, rC+)
You may emit foul miasma when damaged in melee.
When hurt, damage is shared between your health and your magic reserves.
You regenerate magic rapidly.
You are immune to rotting.


Message History

* * * LOW HITPOINT WARNING * * *
Splash!
You fall into the shallow water.
Moving in this stuff is going to be slow.
Your cyclops hits the water nymph!
Unknown command.
You bludgeon the water nymph!!
You kill the water nymph!
Trog accepts your kill.
Trog appreciates your killing of a magic user.
The merfolk hits you from afar with a vampiric trident!
* * * LOW HITPOINT WARNING * * *
Your cyclops hits the merfolk!!
Unknown command.
The merfolk barely misses you.
Your cyclops hits the merfolk!!
The merfolk dies!
Trog accepts your kill.
Unknown command.
The snapping turtle bites you from afar!
You die...

≈≈≈≈≈≈≈≈≈≈≈≈≈≈.....≈≈.###..≈...
≈≈≈≈≈≈≈≈≈≈≈≈≈.≈.....≈.# #..≈≈..
≈≈≈≈≈≈≈≈≈≈≈≈.......... #.>≈...
P...≈≈≈≈≈≈≈)≈≈.......≈≈≈.≈.....
...P≈≈≈≈≈.......###..≈≈≈.....##
..PP≈≈≈...#####.##...≈≈≈≈......
...≈≈≈P..## #.......≈≈≈≈......
≈..≈≈≈≈(P# ##.C).....≈...#....
.P≈≈≈≈P..####†@....... ..###...
.≈≈≈≈≈.))).Pt........≈ .....
.P≈≈≈≈))....PP........ .....
.≈≈≈≈≈≈.PP≈≈≈P≈≈≈..... .....
≈≈≈≈≈≈≈..P≈P≈≈≈≈≈≈.... ...≈≈
≈≈≈≈≈≈≈≈≈≈≈≈≈≈P.≈..[.. .≈≈≈≈
≈≈≈P≈≈≈≈≈≈≈≈≈≈....>?.. .≈≈.≈
≈≈≈≈≈≈≈.P.PP≈≈≈P...... ....≈
≈≈≈≈≈.....≈..P..P..# ...≈>


You could see a snapping turtle and a friendly cyclops (berserk).

Vanquished Creatures
  A tentacled starspawn (Abyss:2)
  An orc warlord (Orc:2)
  A stone giant (Volcano)
  A minotaur (Lab)
  2 fire dragons (Lair:6)
  A merfolk impaler (Shoals:1)
  Harold (D:11)
  Erolcha (D:11)
  5 hydras
  The ghost of profreshinal the Grappler, a journeyman TrAs of Xom (Lair:3)
  A centaur warrior (D:12)
  Erica (Lair:2)
  3 two-headed ogres
  4 thrashing horrors (Abyss:2)
  Urug (Lair:4)
  3 orc high priests (Orc:2)
  Sonja (D:11)
  2 wretched stars (Abyss:2)
  A sixfirhy (Abyss:2)
  A sea snake (Shoals:1)
  A swamp dragon (Lair:6)
  An obsidian statue (Shoals:1)
  3 lindwurms (Lair:6)
  A harpy (shapeshifter) (Orc:2)
  2 orc sorcerers
  A wolf spider zombie (D:10)
  4 fauns (Shoals:1)
  2 ugly things
  2 manticores (Shoals:1)
  A worldbinder (Abyss:2)
  2 merfolk sirens (Shoals:1)
  21 elephants
  A water nymph (Shoals:1)
  2 ice statues (IceCv)
  A black mamba (Lair:5)
  5 torpor snails (Lair:6)
  A gargoyle (Volcano)
  4 spiny frogs
  2 rime drakes
  An efreet (Volcano)
  10 komodo dragons
  3 trolls
  6 ice devils (IceCv)
  2 polar bears
  3 meliai (Lair:5)
  9 blink frogs
  5 merfolk (Shoals:1)
  A queen bee (Lair:5)
  7 hornets
  Prince Ribbit (D:5)
  5 slime creatures (D:12)
  3 tyrant leeches (Lair:6)
  10 hippogriffs
  2 snapping turtles
  2 wraiths
  2 water elementals (Shoals:1)
  A wyvern (D:10)
  2 fire elementals (Volcano)
  30 yaks
  6 basilisks
  5 steam dragons
  Grum (Lair:1)
  4 vampire mosquitoes (D:12)
  A large abomination (Abyss:2)
  4 hungry ghosts (Lab)
  3 wargs
  6 insubstantial wisps (Abyss:2)
  3 nagas (Lair:2)
  2 soldier ants (D:8)
  3 acid dragons
  14 water moccasins
  3 hell hounds (Abyss:2)
  10 porcupines
  3 sky beasts
  2 swamp drakes (Lair:6)
  34 orc warriors
  3 ice beasts
  The ghost of Loudmushroom the Chopper, an amateur HOFi (D:3)
  5 black bears
  21 wolves
  6 ogres
  2 centaurs
  13 crocodiles
  3 big kobolds
  2 small abominations (Abyss:2)
  A gnoll sergeant (D:6)
  11 bullfrogs
  3 earth elementals (Volcano)
  A water moccasin skeleton (D:5)
  27 killer bees
  3 scorpions
  9 wights
  10 electric eels
  5 howler monkeys
  3 crimson imps
  2 centaur zombies
  8 hounds
  4 lava snakes (Lab)
  4 bullfrog zombies
  27 orc priests
  3 jellies
  30 orc wizards
  2 bullfrog skeletons
  A centaur skeleton (D:9)
  7 iguanas
  5 worker ants
  A hound zombie (D:10)
  A worker ant zombie (D:6)
  9 adders
  6 gnolls (D:6)
  5 shadow imps
  7 white imps (IceCv)
  10 ufetubi (IceCv)
  9 oozes
  3 adder zombies
  6 worms
  A dart slug (D:2)
  7 leopard geckos
  102 orcs
  19 bats
  4 giant cockroaches
  6 goblins
  3 hobgoblins (D:1)
  7 jackals
  17 kobolds
  3 quokkas
  4 ball pythons
  A frilled lizard (D:3)
  A giant cockroach zombie (D:5)
  A quokka zombie (D:9)
  3 rats (D:1)
  A spectral orc (D:2)
  A plant (Lair:4)
759 creatures vanquished.

Vanquished Creatures (collateral kills)
  A reaper (IceCv)
  An elephant (Lair:6)
  3 merfolk (Shoals:1)
  A hippogriff (Lair:6)
  An orc warrior (Orc:2)
  3 wolves (Lair:6)
  A scorpion (D:11)
  2 killer bees (D:11)
  A white imp (IceCv)
  An ufetubus (IceCv)
  An orc (Orc:2)
  A kobold (D:11)
17 creatures vanquished.

Vanquished Creatures (others)
  A small abomination (Abyss:2)
  3 ufetubi (IceCv)
  2 orcs
  4 kobolds (D:8)
  2 bushes (Lair:5)
  7 fungi
  15 plants
34 creatures vanquished.

Grand Total: 810 creatures vanquished

Notes
Turn   | Place    | Note
-------+----------+-------------------------------------------
     0 | D:1      | troglodite the Demonspawn Berserker began the quest for the Orb.
     0 | D:1      | Reached XP level 1. HP: 18/18 MP: 1/1
   177 | D:1      | Gained mutation: You are immune to rotting. [demonic ancestry]
   177 | D:1      | Reached XP level 2. HP: 20/24 MP: 2/2
   983 | D:2      | Reached ** piety under Trog
  1047 | D:2      | Reached skill level 1 in Maces & Flails
  1047 | D:2      | Gained mutation: You have large cloven feet. [demonic ancestry]
  1047 | D:2      | Reached XP level 3. HP: 29/29 MP: 3/3
  1181 | D:2      | Found a basalt altar of Yredelemnul.
  1622 | D:3      | Gained mutation: You are partially covered in icy blue scales. (AC +2) [demonic ancestry]
  1622 | D:3      | Reached XP level 4. HP: 36/36 MP: 4/4
  1685 | D:3      | Found a runed door.
  1690 | D:3      | Noticed Loudmushroom's ghost (amateur HOFi)
  1703 | D:3      | Killed Loudmushroom's ghost
  1703 | D:3      | Reached skill level 2 in Maces & Flails
  1703 | D:3      | Reached XP level 5. HP: 42/42 MP: 5/5
  1819 | D:3      | Found a white marble altar of Elyvilon.
  1841 | D:3      | Gained mutation: When hurt, damage is shared between your health and your magic reserves. [demonic ancestry]
  1841 | D:3      | Reached XP level 6. HP: 48/48 MP: 6/6
  1942 | D:3      | Reached *** piety under Trog
  2363 | D:4      | Found a glowing golden altar of the Shining One.
  2794 | D:4      | Found a shattered altar of Ashenzari.
  2845 | D:4      | Found a sparkling altar of Nemelex Xobeh.
  3057 | D:4      | Found a sparkling altar of Nemelex Xobeh.
  3225 | D:5      | Entered Level 5 of the Dungeon
  3225 | D:5      | Noticed Prince Ribbit
  3235 | D:5      | Killed Prince Ribbit
  3235 | D:5      | Reached skill level 3 in Maces & Flails
  3235 | D:5      | Gained mutation: You are mostly covered in icy blue scales. (AC +3) [demonic ancestry]
  3235 | D:5      | Reached XP level 7. HP: 55/55 MP: 7/7
  3417 | D:5      | Found an opulent altar of Gozag.
  3622 | D:5      | Received a gift from Trog
  3894 | D:5      | Found a glowing drain.
  3912 | Sewer    | Entered a sewer
  4292 | Sewer    | Reached skill level 5 in Fighting
  4360 | Sewer    | Reached **** piety under Trog
  4732 | D:5      | Reached skill level 4 in Maces & Flails
  4732 | D:5      | Reached skill level 5 in Armour
  5222 | D:5      | Found a staircase to the Ecumenical Temple.
  5352 | D:6      | Gained mutation: You may emit foul miasma when damaged in melee. [demonic ancestry]
  5352 | D:6      | Reached XP level 8. HP: 46/62 MP: 5/8
  5769 | D:6      | Reached skill level 5 in Maces & Flails
  6006 | D:6      | Gained mutation: You have hoof-like feet. [demonic ancestry]
  6006 | D:6      | Reached XP level 9. HP: 34/69 MP: 5/9
  6836 | D:7      | Got a slimy spear
  6837 | D:7      | Identified the +6 spear of Imbalance {pierce, rElec rC- rN+} (You found it on level 7 of the Dungeon)
  6936 | D:7      | Reached skill level 1 in Shields
  6981 | D:8      | Reached skill level 5 in Dodging
  7314 | D:7      | Reached ***** piety under Trog
  7429 | D:7      | Found a snail-covered altar of Cheibriados.
  7662 | D:7      | Reached skill level 1 in Polearms
  8343 | D:8      | Noticed a two-headed ogre
  8352 | D:8      | Killed a two-headed ogre
  8352 | D:8      | Gained mutation: You are completely covered in icy blue scales. (AC +4, rC+) [demonic ancestry]
  8352 | D:8      | Reached XP level 10. HP: 77/77 MP: 8/10
  8568 | D:8      | Found a hazy altar of Hepliaklqana.
  8845 | D:8      | Received a gift from Trog
  8852 | D:8      | Got a fine great mace {god gift}
  8864 | D:8      | Identified the +11 great mace "Weus" {crush, rF+ Str+3 Int+7} (Trog gifted it to you on level 8 of the Dungeon)
  9599 | D:9      | Reached skill level 6 in Maces & Flails
  9842 | D:9      | Found a bloodstained altar of Trog.
  9949 | D:9      | Found a radiant altar of Vehumet.
  9949 | D:9      | Found a burning altar of Makhleb.
  9981 | D:10     | Entered Level 10 of the Dungeon
 10255 | D:10     | Noticed a two-headed ogre
 10262 | D:10     | Killed a two-headed ogre
 10262 | D:10     | Reached skill level 7 in Maces & Flails
 10267 | D:10     | Reached XP level 11. HP: 86/86 MP: 7/11
 10471 | D:10     | Found an ancient bone altar of Kikubaaqudgha.
 10630 | D:11     | Received a gift from Trog
 10634 | D:11     | Found a staircase to the Lair.
 10639 | D:11     | Reached skill level 8 in Maces & Flails
 10681 | D:11     | Found Etewn's Distillery.
 10706 | D:11     | Noticed Harold
 10708 | D:11     | Noticed Erolcha
 10718 | D:11     | Killed Harold
 10727 | D:11     | Found a labyrinth entrance.
 10730 | D:11     | Killed Erolcha
 10734 | Lab      | Entered a labyrinth
 11612 | Lab      | Got a steaming garnet amulet
 11614 | Lab      | Identified the amulet "Tepp" {Reflect Slay+2 SH+3} (You found it in a labyrinth)
 11799 | Lab      | Noticed a minotaur
 11807 | Lab      | Killed a minotaur
 11811 | Lab      | Got a transparent trident
 11827 | Lab      | Identified the +6 trident of Punishment {pain, *Noise rPois Str+6 Dex+3} (You found it in a labyrinth)
 11900 | D:11     | Noticed a green ugly thing
 11905 | D:11     | Killed a green ugly thing
 12057 | D:11     | Noticed Sonja
 12060 | D:11     | Paralysed by Sonja for 6 turns
 12067 | D:11     | Killed Sonja
 12067 | D:11     | Reached skill level 9 in Maces & Flails
 12989 | D:12     | Noticed a red ugly thing
 12995 | D:12     | Killed a red ugly thing
 12995 | D:12     | Gained mutation: You have hooves in place of feet. [demonic ancestry]
 12995 | D:12     | Reached XP level 12. HP: 95/95 MP: 12/12
 13018 | D:12     | Noticed a centaur warrior
 13025 | D:12     | Killed a centaur warrior
 13203 | D:12     | Found a staircase to the Orcish Mines.
 13216 | D:12     | Noticed a two-headed ogre
 13220 | D:12     | Killed a two-headed ogre
 13301 | D:12     | Found a hide-covered altar of Uskayaw.
 13446 | D:12     | Got a transparent flail
 13447 | D:12     | Identified the cursed +0 flail "Bureffac" {crush, rElec MR+ Str+3} (You found it on level 12 of the Dungeon)
 13667 | D:12     | Reached skill level 10 in Armour
 13924 | Orc:1    | Entered Level 1 of the Orcish Mines
 13972 | Orc:1    | Paralysed by an orc sorcerer for 3 turns
 13978 | Orc:1    | Reached skill level 10 in Maces & Flails
 14230 | Orc:2    | Entered Level 2 of the Orcish Mines
 14232 | Orc:2    | Noticed an orc high priest
 14240 | Orc:2    | Killed an orc high priest
 14253 | Orc:2    | Found a roughly hewn altar of Beogh.
 14301 | Orc:2    | Found a staircase to the Elven Halls.
 14359 | Orc:2    | Found a roughly hewn altar of Beogh.
 14369 | Orc:2    | Found Suonepp's Food Emporium.
 14444 | Orc:2    | Found a roughly hewn altar of Beogh.
 14623 | Orc:2    | Found a roughly hewn altar of Beogh.
 14630 | Orc:2    | Reached skill level 10 in Fighting
 14640 | Orc:2    | Found Kunol's Assorted Antiques.
 14647 | Orc:2    | Bought a scroll labeled SUGIAB YDIMASS for 34 gold pieces
 14696 | Orc:2    | Received a gift from Trog
 15207 | Orc:2    | Found a roughly hewn altar of Beogh.
 15213 | Orc:2    | Received a gift from Trog
 15309 | Orc:2    | Found Lomusch's Antique Armour Boutique.
 15453 | Orc:2    | Noticed an orc high priest
 15568 | Orc:2    | Killed an orc high priest
 15661 | Orc:2    | Noticed an orc warlord
 15679 | Orc:2    | Killed an orc warlord
 15685 | Orc:2    | Reached XP level 13. HP: 104/104 MP: 13/13
 15832 | Orc:2    | Found a roughly hewn altar of Beogh.
 15832 | Orc:2    | Found Guyjak's Antique Weapon Emporium.
 15842 | Orc:2    | Found Ucegepp's Antique Armour Shoppe.
 16135 | Orc:2    | Found a roughly hewn altar of Beogh.
 16161 | Orc:2    | Bought a pair of runed gloves for 165 gold pieces
 16171 | Orc:2    | Bought a pair of glowing gloves for 165 gold pieces
 16448 | Lair:1   | Entered Level 1 of the Lair of Beasts
 16448 | Lair:1   | Noticed Grum
 16457 | Lair:1   | Killed Grum
 16488 | Lair:1   | Received a gift from Trog
 16488 | Lair:1   | Reached skill level 11 in Maces & Flails
 16636 | Lair:1   | Identified Gicedap's Compendium of Venomous Displacement
 16639 | Lair:1   | Found a dark tunnel.
 16740 | Volcano  | Entered a volcano
 16792 | Volcano  | Reached skill level 5 in Shields
 16899 | Volcano  | Noticed a stone giant
 16912 | Volcano  | Killed a stone giant
 17161 | Lair:1   | Received a gift from Trog
 17765 | Lair:1   | You fall through a shaft!
 17794 | Lair:2   | Noticed Erica
 17806 | Lair:2   | Killed Erica
 18001 | Lair:2   | Found a staircase to the Snake Pit.
 18905 | Lair:3   | Found a frozen archway.
 18934 | IceCv    | Entered an ice cave
 19154 | IceCv    | Received a gift from Trog
 19162 | IceCv    | Noticed a reaper
 19184 | IceCv    | Killed a reaper
 19203 | IceCv    | Got a steaming demon whip
 19222 | IceCv    | Identified the +3 demon whip of Forced Transition {elec, Str+7} (You found it in an ice cave)
 19402 | Lair:3   | Identified 3 scrolls of acquirement
 19409 | Lair:3   | Got a smoking pewter amulet
 19421 | Lair:3   | Identified the amulet "Abeozath" {+Rage SInv} (You acquired it on level 3 of the Lair of Beasts)
 19566 | Lair:3   | Found a large runed door.
 19569 | Lair:3   | Found a large runed door.
 19575 | Lair:3   | Noticed profreshinal's ghost (journeyman TrAs)
 19591 | Lair:3   | Killed profreshinal's ghost
 20075 | Lair:4   | Noticed Urug
 20079 | Lair:4   | Cast into level 2 of the Abyss (Urug)
 20079 | Abyss:2  | Found a corrupted altar of Lugonu.
 20154 | Abyss:2  | Noticed a tentacled starspawn
 20158 | Abyss:2  | Killed a tentacled starspawn
 20160 | Abyss:2  | Reached skill level 12 in Maces & Flails
 20245 | Abyss:2  | Reached XP level 14. HP: 79/114 MP: 9/14
 20377 | Lair:4   | Escaped the Abyss
 20394 | Lair:4   | Killed Urug
 20670 | Lair:4   | Received a gift from Trog
 20700 | Lair:4   | Found a staircase to the Shoals.
 21359 | Lair:5   | Found a staircase to the Slime Pits.
 21359 | Lair:5   | Found a viscous altar of Jiyva.
 22170 | Lair:5   | Found a basalt altar of Yredelemnul.
 22276 | Lair:5   | Reached skill level 13 in Maces & Flails
 22670 | Lair:6   | Entered Level 6 of the Lair of Beasts
 22864 | Lair:6   | Received a gift from Trog
 22867 | Lair:6   | Got a jewelled halberd {god gift}
 22868 | Lair:6   | Identified the +4 halberd of the Fray {chop, rElec MR+ Int-3} (Trog gifted it to you on level 6 of the Lair of Beasts)
 23566 | Lair:6   | Reached skill level 10 in Dodging
 23730 | Lair:6   | Gained mutation: You regenerate magic rapidly. [demonic ancestry]
 23730 | Lair:6   | Reached XP level 15. HP: 107/122 MP: 12/15
 23887 | Lair:6   | Paralysed by a hornet for 2 turns
 23902 | Lair:6   | Found a runed door.
 23980 | Lair:6   | Reached ****** piety under Trog
 24361 | Orc:2    | Bought a glowing crystal plate armour for 1826 gold pieces
 24585 | Shoals:1 | Entered Level 1 of the Shoals
 24670 | Shoals:1 | Found a gateway to a bazaar.
 24687 | Bazaar   | Entered a bazaar
 24691 | Bazaar   | Found Jiple's General Store.
 24716 | Bazaar   | Found Cisugebb's Antique Armour Emporium.
 24739 | Bazaar   | Found Ylata's Book Boutique.
 24762 | Bazaar   | Found Akhlo's Antique Weapon Shoppe.
 24806 | Bazaar   | Bought an encrusted falchion for 240 gold pieces
 24806 | Bazaar   | Identified the +7 falchion of Fate {protect, rElec rF++ rC+ Int-4} (You bought it in a shop in a bazaar)
 24874 | Shoals:1 | Reached skill level 14 in Maces & Flails
 24951 | Shoals:1 | HP: 5/124 [merfolk/vampiric trident (6)]
 24953 | Shoals:1 | Mangled by a snapping turtle

Skill      XL: |  1  2  3  4  5  6  7  8  9 10 11 12 13 14 15 |
---------------+----------------------------------------------+-----
Dodging        | 2 3 4 5 6 7 8 9 10 | 10.3
Armour         | 2 3 4 5 6 7 8 9 10 11 12 | 12.4
Maces & Flails | 1 2 3 4 5 7 9 10 12 13 14 | 14.0
Long Blades    | 3 |  3.5
Fighting       | 4 5 6 8 9 10 11 12 13 | 13.2
Shields        | 3 4 5 |  5.6
Polearms       | 2 3 |  3.6
Stealth        | |  0.2

Action                   |  1- 3 |  4- 6 |  7- 9 | 10-12 | 13-15 || total
-------------------------+-------+-------+-------+-------+-------++-------
Melee: Whip              |    96 |    73 |   256 |       |       ||   425
       Kick              |    10 |    22 |   108 |   132 |   263 ||   535
       Great sword       |       |       |    27 |       |       ||    27
       Spear             |       |       |   109 |    45 |       ||   154
       Great mace        |       |       |       |   468 |   719 ||  1187
Invok: Berserk           |     1 |     5 |    12 |     9 |     5 ||    32
       Brothers in Arms  |       |       |       |     2 |     4 ||     6
  Use: Scroll            |       |       |    20 |    15 |    12 ||    47
       Potion            |       |       |     4 |     1 |     3 ||     8
 Stab: Sleeping          |     1 |       |       |       |       ||     1
  Eat: Chunk             |     2 |     6 |    21 |    23 |    23 ||    75
       Ration            |       |     1 |     2 |     4 |     4 ||    11
Armor: Animal skin       |    10 |       |       |       |       ||    10
       Chain mail        |    60 |    47 |    29 |       |     2 ||   138
       Scale mail        |       |       |   194 |   146 |       ||   340
       Plate armour      |       |       |       |   233 |   140 ||   373
       Crystal plate arm |       |       |       |       |   622 ||   622
Dodge: Dodged            |    64 |    29 |   194 |   451 |   510 ||  1248
Block: Shield            |       |       |    57 |    24 |       ||    81
       Other             |       |       |       |    82 |   115 ||   197
       Reflection        |       |       |       |     7 |     2 ||     9
       Rpst.: Great sword |       |       |     6 |       |       ||     6
